 Dungeon Crawl Stone Soup version 0.20-a0-972-gb9bd3e6 (webtiles) character file.

28 Angani the Skirmisher (level 2, -2/36 HPs)
             Began as a Demonspawn Chaos Knight on Apr 9, 2017.
             Slain by a warg (7 damage)
             ... on level 2 of the Dungeon.
             The game lasted 00:01:46 (902 turns).

Angani the Skirmisher (Demonspawn Chaos Knight)      Turns: 902, Time: 00:01:47

Health: -2/36      AC: 21    Str: 12    XL:     2   Next: 96%
Magic:  2/2        EV:  2    Int: 18    God:    Xom [..*...]
Gold:   57         SH:  0    Dex: 17    Spells: 1/1 levels left

rFire    . . .     SeeInvis .   a - +0 falchion (chaos)
rCold    . . .     Gourm    .   (no shield)
rNeg     + + +     Faith    .   (armour currently unavailable)
rPois    +         Spirit   .   (helmet currently unavailable)
rElec    .         Reflect  .   (cloak currently unavailable)
rCorr    .         Harm     .   (gloves currently unavailable)
MR       .....     NoTele   +   (boots currently unavailable)
Stlth    +++.......             (no amulet)
Regen    0.2/turn               j - ring of poison resistance
MPRegen  0.1/turn               (no ring)

@: brilliant, agile, lethally poisoned (-2 -> -2), tree-form, very slightly
contaminated, invisible
A: (claws 0), (talons 0), sense surroundings 1
a: Renounce Religion


You were on level 2 of the Dungeon.
You worshipped Xom.
You were a toy of Xom.
You were not hungry.
You were a tree.
You visited 1 branch of the dungeon, and saw 2 of its levels.

You collected 57 gold pieces.

Inventory:

Hand Weapons
 a - a +0 falchion of chaos (weapon)
Armour
 b - a +2 leather armour (melded)
Jewellery
 j - a ring of poison resistance (left branch)
Scrolls
 g - a scroll of enchant weapon {unknown}
 i - a scroll of remove curse {unknown}
 k - a scroll of teleportation {unknown}
Comestibles
 c - 3 bread rations


   Skills:
 + Level 3.4 Fighting
 + Level 3.0 Long Blades
 + Level 2.0 Armour
 + Level 1.4 Dodging


You had one spell level left.
You didn't know any spells.

Dungeon Overview and Level Annotations

Branches:
Dungeon (2/15)

Altars:


Innate Abilities, Weirdness & Mutations

((You have razor-sharp toenails.))
((You have sharp fingernails.))
You passively map a small area around you.


Message History

Xom plays with reality for a moment.
The warg bites you but does no damage. x2
Unknown command.
You hit the warg.
You feel better.
The warg is moderately wounded.
The warg bites you but does no damage.
You hit the warg. Lightning courses through the warg!
The warg is almost dead.
The warg bites you.
You die... "What?
Wait, NO!"
Xom revives you!
Unknown command.
You hit the warg.
The warg is almost dead.
You feel sick.
The warg bites you but does no damage. x2
You hit the warg but do no damage.
The warg is almost dead.
The warg bites you!
You die...

.......#####
*#.#........ ,
#####..<### *
* ..........#
* *
.####...#.# *
* * ##.##.# *
* #.# # , ,
*##b##.#### *
* , *
#.b♣hgb..# ***
#$..b.##w##...
, #.###.# # *
, .. ,..# , *
#. #### # , ,
* *


You could see a warg, a worm and a goblin.

Vanquished Creatures
  An ooze (D:1)
  A dart slug (D:1)
  2 leopard geckos (D:1)
  4 goblins (D:1)
  4 kobolds (D:1)
  3 bats (D:1)
  3 frilled lizards (D:1)
  2 rats (D:1)
20 creatures vanquished.

Notes
Turn   | Place    | Note
-------+----------+-------------------------------------------
     0 | D:1      | Angani the Demonspawn Chaos Knight began the quest for the Orb.
     0 | D:1      | Reached XP level 1. HP: 18/18 MP: 1/1
    20 | D:1      | Reached skill level 1 in Dodging
   133 | D:1      | XOM: harmless Ice miscast
   137 | D:1      | Gained mutation: You have sharp toenails. [demonic ancestry]
   137 | D:1      | Reached XP level 2. HP: 24/24 MP: 2/2
   889 | D:2      | Noticed a warg
   889 | D:2      | XOM: potion effect (invisibility)
   890 | D:2      | Gained mutation: You have razor-sharp toenails. [potion of mutation]
   890 | D:2      | Gained mutation: You have sharp fingernails. [potion of mutation]
   890 | D:2      | Gained mutation: You passively map a small area around you. [potion of mutation]
   894 | D:2      | HP: 1/36 [poisoned by an adder]
   898 | D:2      | XOM: cast spell 'Summon Butterflies'
   900 | D:2      | Xom revived you
   902 | D:2      | Slain by a warg

Vault maps used:
D:1:      lemuel_arrival_room, minivault_14
D:2:      minitemple, first_bread, uniq_sigmund

Skill      XL: |  1  2 |
---------------+-------+-----
Dodging        | 1 |  1.4
Armour         | 2 |  2.0
Long Blades    | 3 |  3.0
Fighting       | |  3.4

Action                   || total
-------------------------++-------
Melee: Falchion          ||    54
       Kick              ||     8
  Use: Potion            ||     4
Armor: Leather armour    ||    16
       Skin              ||    14
Dodge: Dodged            ||    31
       Rpst.: Falchion   ||    11
